Map: Frost LE

Players

Fropez - Winner!

  • Race: Protoss Protoss
  • League: Gold
  • Spawn Location: 11:00

Jon

  • Race: Zerg Zerg
  • League: Gold
  • Spawn Location: 7:00

VOD

Have the link to the VOD?

Description

Time

  • Played on: Aug. 20, 2016, 10:24 a.m.
  • Length: 13:16
Show
View Real Time Build Order
Export as new Build Order

Fropez Protoss - Winner!

Build Orders: 1 Gate Expand 

Get SALT Encoding   

  12  0:02  Probe (Chrono Boost)  
  13  0:18  Pylon, Probe (Chrono Boost)  
  14  0:29  Probe (Chrono Boost)  
  15  0:39  Probe (Chrono Boost)  
  16  0:49  Gateway  
  17  0:50  Probe (Chrono Boost)  
  17  0:55  Pylon  
  17  1:00  Probe (Chrono Boost)  
  18  1:09  Gateway  
  18  1:13  Probe (Chrono Boost)  
  19  1:37  Nexus  
  19  1:50  Cybernetics Core  
  19  1:53  Assimilator  
  19  1:55  Probe (Chrono Boost)  
  20  2:06  Probe (Chrono Boost)  
  21  2:09  Pylon  
  21  2:16  Probe (Chrono Boost)  
  21  2:18  Assimilator  
  22  2:27  Probe  
  22  2:38  Warp Gate (Chrono Boost)  
  22  2:43  Probe  
  23  2:48  Probe  
  24  2:52  Adept  
  24  2:55  Adept, Probe  
  29  2:59  Probe  
  29  3:01  Pylon  
  30  3:14  Probe  
  30  3:15  Probe  
  30  3:17  Gateway  
  32  3:27  Mothership Core  
  32  3:29  Probe  
  32  3:31  Robotics Facility  
  35  3:40  Probe  
  35  3:46  Assimilator  
  36  3:48  Probe  
  36  3:51  Gateway  
  36  3:52  Probe  
  38  3:57  Pylon  
  38  4:05  Probe  
  38  4:06  Probe, Gateway  
  40  4:21  Twilight Council, Warp Prism (Chrono Boost)  
  42  4:27  Probe  
  42  4:28  Probe  
  44  4:40  Probe x2  
  46  4:50  Probe  
  47  4:52  Probe  
  47  4:57  Resonating Glaives (Chrono Boost)  
  48  5:04  Probe  
  48  5:05  Probe  
  50  5:09  Gateway  
  50  5:11  Gateway  
  50  5:13  Pylon  
  50  5:14  Assimilator, Immortal  
  54  5:22  Probe, Robotics Facility  
  54  5:28  Pylon  
  55  5:47  Adept  
  55  5:48  Adept x4  
  63  6:14  Sentry x2  
  63  6:15  Sentry x3  
  73  6:20  Immortal  
  77  6:31  Immortal  
  81  6:59  Nexus  
  81  7:00  Pylon, Immortal  
  81  7:01  Forge  
  85  7:03  Pylon  
  85  7:06  Pylon  
  85  7:18  Immortal  
  85  7:19  Gateway  
  89  7:25  Gateway  
  89  7:26  Probe  
  90  7:33  Adept x5  
  90  7:34  Adept x2  
  90  7:35  Charge (Chrono Boost)  
  100  7:47  Protoss Ground Weapons Level 1 (Chrono Boost)  
  100  7:51  Probe  
  100  7:54  Immortal  
  105  8:09  Adept x2  
  105  8:10  Adept  
  105  8:11  Adept x3  
  105  8:36  Zealot x4  
  105  8:37  Zealot x3  
  119  8:42  Probe  
  119  8:43  Probe  
  119  8:44  Probe  
  122  8:56  Pylon  
  122  9:05  Assimilator  
  122  9:07  Probe x2  
  124  9:14  Immortal  
  128  9:19  Adept x2  
  132  9:35  Pylon  
  132  9:48  Pylon  
  132  9:51  Protoss Ground Weapons Level 2 (Chrono Boost)  
  132  9:58  Forge  
  132  9:59  Pylon, Observer x2  
  134  10:01  Pylon  
  134  10:06  Adept x4  
  134  10:07  Adept x3  
  148  10:19  Sentry x2  
  152  10:30  Zealot x3  
  152  10:31  Zealot x3  
  164  10:48  Assimilator  
  163  10:50  Pylon  
  126  11:37  Zealot x3  
  126  11:38  Zealot x5  
  126  11:39  Zealot  
  130  12:03  Stalker x3  
  130  12:04  Stalker x4  
  130  12:05  Stalker x2  
  146  12:42  Stalker x3  
  146  12:43  Stalker x5  
  146  12:44  Stalker  
Show
View Real Time Build Order
Export as new Build Order

Jon Zerg 

Build Orders: Pool First 

Get SALT Encoding   

  12  0:01  Drone  
  13  0:08  Drone  
  14  0:17  Overlord  
  14  0:33  Spawning Pool  
  13  0:39  Drone  
  13  0:40  Drone  
  15  0:45  Drone  
  16  0:50  Drone  
  17  1:13  Hatchery  
  16  1:22  Queen  
  18  1:26  Zergling x2  
  18  1:29  Zergling x2  
  20  1:33  Zergling x2  
  21  1:40  Overlord  
  21  1:50  Zergling x2  
  22  1:58  Queen  
  24  2:03  Overlord  
  24  2:09  Drone  
  25  2:21  Drone  
  26  2:28  Drone  
  27  2:31  Drone x3  
  30  2:37  Drone  
  30  2:38  Drone  
  32  2:44  Extractor  
  32  2:45  Extractor  
  32  2:48  Drone x2  
  32  2:54  Drone  
  32  2:58  Drone  
  34  3:04  Drone x2  
  36  3:06  Overlord  
  36  3:07  Overlord  
  36  3:10  Zergling x2  
  36  3:11  Zergling x2  
  38  3:15  Drone x2  
  40  3:21  Drone x2  
  42  3:30  Drone  
  42  3:31  Drone  
  44  3:40  Drone  
  45  3:43  Drone  
  46  3:49  Zergling x12  
  46  3:53  Extractor  
  51  3:55  Extractor  
  51  3:57  Drone x2  
  51  4:00  Metabolic Boost  
  51  4:02  Lair  
  52  4:14  Spore Crawler  
  52  4:15  Drone  
  52  4:16  Drone  
  52  4:17  Drone  
  54  4:21  Drone  
  54  4:22  Overlord x2  
  54  4:23  Overlord  
  55  4:27  Drone  
  55  4:28  Drone  
  57  4:40  Baneling Nest  
  57  4:43  Roach Warren, Zergling x2  
  57  4:44  Zergling x4  
  58  4:50  Queen  
  60  4:54  Zergling x4  
  60  4:55  Zergling x2  
  60  4:58  Zergling x2  
  64  5:11  Zergling x2  
  64  5:12  Zergling x8  
  69  5:34  Roach  
  69  5:35  Roach x6  
  83  5:38  Overlord  
  83  5:42  Overlord  
  83  6:06  Hydralisk Den  
  81  6:29  Spore Crawler  
  81  6:32  Glial Reconstitution  
  80  6:33  Centrifical Hooks  
  80  6:36  Baneling x6  
  80  6:37  Baneling x8  
  80  6:38  Baneling x3  
  81  6:54  Drone x5  
  85  7:02  Spore Crawler  
  84  7:10  Hydralisk  
  84  7:11  Hydralisk x6  
  84  7:13  Overlord x5  
  98  7:21  Muscular Augments  
  96  7:54  Hydralisk  
  96  7:55  Hydralisk x2, Roach x2  
  96  7:56  Hydralisk, Roach x2  
  112  8:07  Hatchery  
  107  8:26  Evolution Chamber  
  100  8:28  Evolution Chamber, Hydralisk  
  100  8:29  Hydralisk x3, Roach x2  
  100  8:30  Roach x2  
  115  8:41  Spore Crawler  
  114  8:54  Hydralisk  
  114  8:55  Zergling x2, Spore Crawler, Roach  
  118  8:56  Zergling x6  
  118  9:01  Zerg Melee Weapons Level 1  
  118  9:02  Zerg Missile Weapons Level 1  
  121  9:24  Drone x2  
  121  9:25  Drone x5  
  121  9:28  Queen  
  130  9:33  Zergling x4  
  130  9:34  Zergling x4  
  134  9:47  Infestation Pit  
  134  9:50  Spire  
  132  10:04  Hydralisk x2  
  132  10:05  Roach  
  138  10:12  Hydralisk  
  138  10:13  Drone  
  141  10:14  Drone  
  141  10:15  Drone x2  
  141  10:18  Drone  
  145  10:56  Zerg Ground Armor Level 1  
  145  10:57  Overlord x4  
  145  10:58  Overlord x7  
  121  11:26  Zergling x2  
  121  11:27  Zergling x16  
  71  11:41  Hydralisk  
  71  11:42  Hydralisk x4, Roach x2  
  71  11:43  Roach x2  
  81  11:50  Hydralisk  
  81  11:51  Roach  
  69  12:02  Hydralisk  
  69  12:03  Roach  
  69  12:04  Roach  
  79  12:08  Roach  
  79  12:13  Hydralisk  
  75  12:20  Zergling x10  
  74  12:27  Pneumatized Carapace  
  74  12:30  Zergling x2  
  74  12:31  Zergling x10  
  80  12:40  Baneling  
  80  12:41  Baneling x5  
  80  12:43  Baneling x2  
  80  12:44  Baneling x2  
  80  12:49  Zergling x4  
  62  13:00  Drone  
Tags
 
League
GoldGold
Matchup
PvZ
Replay Pack
All Mines
Spawn Locations
Close Positions
Add a new tag
Caveats
  • Supply blocks, unpowered buildings, or Contaminate may cause inaccurate times.
  • Supply counts are checked every 10 seconds.